Map: King's Cove LE

Players

assaro - Winner!

  • Race: Protoss Protoss
  • League: Gold
  • Spawn Location: 5:00

Mesrob

  • Race: Terran Terran
  • League: Platinum
  • Spawn Location: 11:00

VOD

Have the link to the VOD?

Description

Time

  • Played on: July 12, 2019, 7:59 p.m.
  • Length: 11:13
Show
View Real Time Build Order
Export as new Build Order

assaro Protoss - Winner!

Build Orders:  

Get SALT Encoding   

  12  0:01  Probe  
  13  0:13  Probe  
  14  0:22  Pylon  
  14  0:25  Probe  
  15  0:40  Probe  
  16  0:46  Gateway  
  16  0:52  Probe  
  17  0:58  Pylon  
  17  1:01  Assimilator  
  17  1:07  Assimilator, Probe  
  18  1:15  Probe  
  18  1:23  Probe  
  20  1:34  Cybernetics Core  
  20  1:55  Nexus  
  20  2:00  Probe  
  21  2:12  Probe  
  22  2:16  Adept  
  24  2:24  Probe  
  24  2:28  Stargate  
  25  2:33  Pylon  
  25  2:38  Adept  
  27  2:58  Warp Gate  
  27  3:06  Probe  
  27  3:10  Probe  
  29  3:18  Probe  
  30  3:22  Probe  
  31  3:30  Probe  
  32  3:34  Probe  
  33  4:20  Oracle  
  32  4:38  Probe  
  33  4:40  Probe  
  34  4:48  Adept  
  34  4:50  Probe  
  38  4:52  Probe  
  38  4:57  Oracle  
  38  4:58  Pylon  
  41  5:02  Probe  
  41  5:04  Pylon  
  41  5:05  Probe  
  43  5:09  Pylon  
  43  5:11  Assimilator  
  43  5:14  Assimilator  
  43  5:21  Gateway  
  43  5:25  Gateway  
  43  5:27  Gateway  
  43  5:31  Gateway x2  
  43  5:37  Gateway  
  43  5:55  Probe  
  44  5:59  Probe  
  45  6:08  Probe  
  45  6:10  Robotics Facility  
  46  6:11  Probe  
  46  6:15  Robotics Facility  
  47  6:20  Probe  
  47  6:23  Probe  
  43  6:47  Zealot x3  
  43  6:48  Zealot x4  
  57  6:58  Warp Prism  
  59  7:02  Observer  
  60  7:10  Zealot x4  
  60  7:11  Zealot x3  
  60  7:14  Probe  
  75  7:22  Warp Prism  
  75  7:25  Pylon  
  75  7:26  Probe  
  78  7:39  Nexus  
  78  7:42  Pylon  
  78  7:43  Probe  
  79  7:45  Pylon  
  79  7:47  Pylon  
  79  7:49  Assimilator  
  79  7:52  Assimilator, Stalker  
  79  7:53  Stalker x2  
  85  8:09  Oracle  
  88  8:23  Zealot  
  88  8:24  Zealot x2  
  88  8:25  Zealot x3  
  88  8:26  Zealot  
  96  8:44  Zealot  
  96  8:45  Zealot x4  
  96  8:46  Oracle, Zealot x2  
  91  9:18  Zealot x7  
  91  9:39  Zealot x4  
  91  9:43  Immortal x2  
  105  9:48  Stalker x2  
  105  9:49  Stalker  
  108  10:01  Stalker x4  
  95  10:15  Zealot  
  95  10:16  Zealot x2  
  96  10:27  Zealot  
  83  10:58  Zealot x2  
  83  10:59  Zealot x2  
Show
View Real Time Build Order
Export as new Build Order

Mesrob Terran 

Build Orders: 2 Factory, Reaper Expand 

Get SALT Encoding   

  12  0:01  SCV  
  13  0:13  SCV  
  14  0:18  Supply Depot  
  14  0:25  SCV  
  15  0:39  SCV  
  15  0:40  Barracks  
  16  0:48  Refinery  
  16  0:51  SCV  
  17  1:04  SCV  
  18  1:16  SCV  
  19  1:28  Orbital Command  
  19  1:44  Command Center  
  19  1:46  Reaper  
  20  1:55  SCV  
  21  2:07  Refinery  
  21  2:11  Factory  
  22  2:15  SCV  
  22  2:31  Barracks Reactor, SCV  
  23  2:47  Supply Depot  
  23  2:54  Factory  
  23  2:55  SCV  
  24  2:59  Hellion  
  24  3:01  Orbital Command  
  26  3:07  SCV  
  27  3:19  SCV  
  27  3:33  Hellion x2  
  28  3:42  Reaper  
  28  3:46  Hellion  
  31  3:50  Factory  
  20  4:30  Factory Tech Lab  
  18  4:32  SCV  
  18  4:35  SCV  
  20  4:38  Factory Tech Lab  
  20  4:42  Command Center  
  20  4:44  SCV  
  21  4:47  SCV  
  21  4:49  Refinery  
  22  4:55  Cyclone  
  22  4:56  SCV  
  26  5:00  SCV  
  26  5:07  Hellion x2, Cyclone  
  31  5:08  SCV  
  31  5:12  SCV  
  36  5:20  SCV  
  37  5:24  SCV  
  37  5:27  Cyclone  
  41  5:32  SCV  
  39  5:37  Engineering Bay  
  39  5:39  Cyclone  
  42  5:58  Supply Depot  
  42  5:59  Hellion, Cyclone  
  42  6:01  SCV  
  48  6:05  SCV  
  48  6:06  SCV  
  50  6:13  Mag-Field Accelerator  
  50  6:22  Armory  
  39  6:43  Cyclone x2  
  39  6:45  Hellion  
  47  6:53  Missile Turret  
  47  6:56  Missile Turret  
  47  6:59  SCV  
  48  7:11  Hellion  
  50  7:17  SCV x2  
  52  7:25  Refinery  
  52  7:29  SCV  
  53  7:36  Orbital Command  
  53  7:37  SCV  
  54  7:45  Cyclone  
  57  7:51  Cyclone  
  60  8:10  Hellion x2  
  64  8:17  Cyclone  
  64  8:19  Supply Depot  
  67  8:23  SCV  
  67  8:24  SCV  
  69  8:41  Supply Depot, SCV, Cyclone  
  73  8:44  Refinery  
  66  9:04  Cyclone  
  66  9:05  Hellion x2  
  66  9:07  Refinery  
  68  9:13  Cyclone  
  68  9:26  Hellion  
  65  9:36  Cyclone  
  64  9:43  Hellion  
  65  9:48  Hellion  
  61  10:11  Orbital Command  
  17  10:49  Engineering Bay  
  17  10:51  SCV x2  
  23  11:02  Factory Tech Lab  
Tags
 
Add a new tag
Caveats
  • Supply blocks, unpowered buildings, or Contaminate may cause inaccurate times.
  • Supply counts are checked every 10 seconds.